 Dungeon Crawl Stone Soup version 0.28-a0-1143-gcf6077d4cc (webtiles) character file.

Game seed: 3994317020868929429

87723 porpoise the Eclecticist (level 15, -13/86 HPs)
             Began as a Deep Elf Conjurer on Dec 13, 2021.
             Was a High Priest of Vehumet.
             Mangled by an orc knight (50 damage)
             ... on level 2 of the Orcish Mines on Dec 14, 2021.
             The game lasted 02:51:50 (38513 turns).

porpoise the Eclecticist (Deep Elf Conjurer)       Turns: 38513, Time: 02:51:52

Health: -13/86     AC: 11    Str:  8    XL:     15   Next: 44%
Magic:  19/55      EV: 17    Int: 32    God:    Vehumet [*****.]
Gold:   1757       SH:  5    Dex: 13    Spells: 23/45 levels left

rFire   + . .      SeeInvis .   b - +4 hunting sling (flame)
rCold   + . .      Faith    .   h - +0 buckler
rNeg    + . .      Spirit   .   C - +2 robe {Will+}
rPois   .          Reflect  .   L - +3 hat of Pondering {ponderous, Will+ MP+10 Int+5}
rElec   .          Harm     .   l - scarf {rC+ rF+}
rCorr   .          Rampage  .   A - +1 pair of gloves
Will    +++..                   n - +1 pair of boots
Stlth   +++++.....              (no amulet)
HPRegen 0.24/turn               X - ring of magical power
MPRegen 0.34/turn               y - ring of positive energy

@: slow
A: no striking features
a: Renounce Religion


You were on level 2 of the Orcish Mines.
You worshipped Vehumet.
Vehumet was extremely pleased with you.
You visited 4 branches of the dungeon, and saw 23 of its levels.

You collected 2612 gold pieces.
You spent 855 gold pieces at shops.

Inventory:

Hand Weapons
 b - a +4 hunting sling of flaming (weapon)
 w - the +7 rapier "Zuubbeu" {vorpal, rF+ Dex+5}
   (You found it on level 4 of the Lair of Beasts)

   It inflicts extra damage upon your enemies.
   Dex:       It affects your dexterity (+5).
   rF:        It protects you from fire.
Missiles
 g - 17 boomerangs
 k - 149 sling bullets (quivered ammo)
 K - 3 curare-tipped darts
Armour
 h - a +0 buckler (worn)
 i - the +2 cloak of the Present {rElec Str+2}
   (You found it on level 4 of the Lair of Beasts)

   Str:       It affects your strength (+2).
   rElec:     It insulates you from electricity.
 l - a scarf of resistance (worn)
 n - a +1 pair of boots (worn)
 A - a +1 pair of gloves (worn)
 C - a +2 robe of willpower (worn)
 L - the +3 hat of Pondering (worn) {ponderous, Will+ MP+10 Int+5}
   (You took it off Gastronok on level 10 of the Dungeon)

   Int:       It affects your intelligence (+5).
   MP:        It affects your magic capacity (+10).
   Will:      It increases your willpower.
Magical Staves
 a - a staff of poison
Jewellery
 y - a ring of positive energy (right hand)
 X - a ring of magical power (left hand)
Wands
 c - a wand of mindburst (9)
 q - a wand of digging (4)
 x - a wand of paralysis (22)
 z - a wand of iceblast (1)
 G - a wand of polymorph (10)
 M - a wand of flame (17)
Scrolls
 d - 3 scrolls of vulnerability
 f - 4 scrolls of teleportation
 p - a scroll of fear
 P - a scroll of blinking
 V - a scroll of silence
Potions
 e - 3 potions of haste
 j - a potion of resistance
 m - 5 potions of heal wounds
 r - a potion of cancellation
 t - 6 potions of curing
 D - 3 potions of ambrosia
 E - 3 potions of lignification
 Q - 2 potions of magic
 W - 2 potions of attraction
Miscellaneous
 o - a phial of floods
 O - a condenser vane
 U - a box of beasts


   Skills:
 - Level 7.0 Fighting
 - Level 5.0 Armour
 - Level 12.0 Dodging
 - Level 12.0 Stealth
 - Level 4.0 Shields
 + Level 15.5 Spellcasting
 - Level 12.0 Conjurations
 - Level 12.0 Hexes
 - Level 7.0 Translocations
 - Level 9.0 Poison Magic
 - Level 9.0 Evocations


You had 23 spell levels left.
You knew the following spells:

 Your Spells              Type           Power      Damage    Failure   Level
a - Magic Dart            Conj           100%       1d8       0%          1
b - Searing Ray           Conj           100%       2d8       0%          2
c - Fulminant Prism       Conj/Hex       40%        3d20      1%          4
d - Iskenderun's Mystic   Conj/Tloc      71%        2d14      1%          4
o - Orb of Destruction    Conj           40%        9d14      3%          7
p - Olgreb's Toxic Radia  Pois           70%        N/A       1%          4

Your spell library contained the following spells:

 Spells                   Type           Power      Damage    Failure   Level
 Starburst                Conj/Fire      29%        6d9       6%          6
 Animate Skeleton         Necr           48%        N/A       1%          1
 Apportation              Tloc           100%       N/A       1%          1
 Sting                    Tmut/Pois      100%       1d8       1%          1
 Summon Small Mammal      Summ           96%        N/A       1%          1
 Poisonous Vapours        Pois/Air       100%       N/A       1%          2
 Static Discharge         Conj/Air       58%        N/A       1%          2
 Dazzling Flash           Conj/Hex       100%       N/A       1%          3
 Summon Guardian Golem    Hex/Summ       58%        N/A       1%          3
 Sticky Flame             Conj/Fire      58%        2d7       1%          4
 Corpse Rot               Necr/Air       48%        N/A       2%          2
 Ozocubu's Armour         Ice            24%        N/A       5%          3
 Dispel Undead            Necr           24%        3d12      17%         4
 Spellforged Servitor     Conj/Summ      29%        N/A       30%         7
 Death Channel            Necr           12%        N/A       95%         6
 Ozocubu's Refrigeration  Ice            12%        4d7       96%         7


Dungeon Overview and Level Annotations

Branches:
Dungeon (15/15)            Temple (1/1) D:4            Lair (5/6) D:11
  Swamp (0/4) Lair:2       Spider (0/4) Lair:4          Orc (2/2) D:9
    Elf (0/3) Orc:2        Vaults (0/5) D:13         Depths (0/4) D:15
  Slime: Lair:5-6

Altars:
Ashenzari
Cheibriados
Dithmenos
Elyvilon
Fedhas
Gozag
Hepliaklqana
Kikubaaqudgha
Makhleb
Nemelex Xobeh
Okawaru
Qazlal
Ru
Sif Muna
Trog
Uskayaw
Vehumet
Wu Jian
Xom
Yredelemnul
Zin
The Shining One

Shops:
D:8 *   D:13 !   Orc:2 *![

Portals:
Trove: D:11 (give +2 gold dragon scales)

Annotations:
D:12 exclusion: downstairs


Message History

Casting: Fulminant Prism (safe; 1% risk of failure)
Confirm with . or Enter, or press ? or * to list all spells.
You erupt in a blast of force!
The mystic blast hits the orc warrior but does no damage.
The orc warrior is lightly wounded.
The mystic blast hits the orc knight!
The orc knight is lightly wounded.
The orc knight is knocked back by the mystic blast.
The orc knight collides with the orc warrior!
The orc warrior is moderately wounded.
You hear a shout!
Your fulminant prism explodes!
The blast of energy engulfs the orc warrior!!
You kill the orc warrior!
Vehumet accepts your kill.
You feel your power returning.
The blast of energy engulfs the orc knight!!
The orc knight is moderately wounded.
You hear a shout! x4
Casting: Iskenderun's Mystic Blast (safe; 1% risk of failure)
Confirm with . or Enter, or press ? or * to list all spells.
You erupt in a blast of force!
The mystic blast hits the orc knight!
The orc knight is heavily wounded.
The orc knight is knocked back by the mystic blast.
You hear a shout!
Unknown command.
Aiming: Mindburst
Press: ? - help, Shift-Dir - straight line, f - orc knight
Aim: an orc knight, wielding a +3 great sword and wearing a +0 plate armour (heavily wounded, berserk, chance to affect: 78%)
The orc knight's mind is blasted!!
Okay, then.
Unknown command.
Casting: Iskenderun's Mystic Blast (safe; 1% risk of failure)
Confirm with . or Enter, or press ? or * to list all spells.
You erupt in a blast of force!
The mystic blast hits the orc knight but does no damage.
The orc knight is severely wounded.
The orc knight hits you with a +3 great sword!!!
Ouch! That really hurt!
You die...

####..###..#...#.#..
#..#####..........
#..###.###.........
#..###..(###........
#..###.#(# ##.......
##..###...#§..###......
##..###.).###)..###.....
##..###..o## #§§§###....
##.......@## #)o.###...
##....#...## #o.. ##..
##...#...)## #.# ##.
##∩.#.)...## .. ##
#.....#..## #
##∩.#.....## ##
##..)#).).## ##.
##...)#...## ##..
##....)...# ##..>


You could see an orc knight (berserk).

Vanquished Creatures
  Rupert (D:12)
  Gastronok (D:10)
  Kirke (D:12)
  A fire giant (D:13)
  An ettin (D:15)
  Josephine (D:13)
  Harold (D:10)
  A vault guard (D:13)
  A boulder beetle (Lair:4)
  9 hydras
  7 centaur warriors
  5 two-headed ogres
  2 catoblepae
  4 tengu warriors
  2 orc high priests (Orc:2)
  A fire crab (D:13)
  3 skeletal warriors (D:13)
  A swamp dragon (shapeshifter) (D:12)
  3 deep trolls (D:15)
  A glowing orange brain (shapeshifter) (D:13)
  3 wizards (D:15)
  A necromancer (D:9)
  6 orc knights
  4 deep elf pyromancers
  7 cyclopes
  3 orc sorcerers
  8 ugly things
  5 manticores
  6 elephants (Lair:5)
  Joseph (D:7)
  Maurice (D:11)
  A black mamba (shapeshifter) (D:10)
  3 black mambas
  13 cane toads
  A gargoyle (D:12)
  Psyche (D:12)
  2 freezing wraiths (D:14)
  9 komodo dragons
  Maggie (D:7)
  2 kobold demonologists
  A yaktaur (D:13)
  3 rime drakes
  An ice devil (Orc:2)
  A jumping spider (Lair:4)
  10 trolls
  A polar bear (Lair:5)
  A hornet (Lair:1)
  4 blink frogs (Lair:2)
  Prince Ribbit (D:8)
  6 dream sheep (Lair:5)
  A redback (Lair:4)
  6 shadows
  10 wraiths
  Eustachio (D:4)
  5 basilisks
  30 yaks
  A tarantella (shapeshifter) (D:13)
  5 wyverns
  4 hogs (D:12)
  A yak (shapeshifter) (D:12)
  A steam dragon (D:9)
  2 vampire mosquitoes (D:13)
  A neqoxec (Orc:2)
  Edmund (D:4)
  An acid dragon (D:13)
  7 wargs
  A swamp worm (Lair:2)
  11 water moccasins
  A water moccasin (shapeshifter) (D:13)
  44 orc warriors
  6 black bears
  13 ogres
  2 sky beasts
  6 centaurs
  22 wolves
  4 kobold brigands
  16 bullfrogs
  4 scorpions
  A wyvern zombie (D:7)
  A gnoll sergeant (D:11)
  A wyvern skeleton (D:6)
  A water moccasin skeleton (D:4)
  A troll zombie (D:9)
  4 killer bees (D:10)
  7 wights
  2 electric eels (Lair:1)
  5 howler monkeys
  2 jellies
  3 bullfrog zombies
  6 centaur zombies
  A hound (D:5)
  Crazy Yiuf (D:5)
  A gnoll shaman (D:6)
  26 orc priests
  2 iguanas (Lair:2)
  25 orc wizards
  5 ogre zombies (D:9)
  10 adders
  11 gnolls
  A river rat (shapeshifter) (D:13)
  A white imp (D:7)
  An ufetubus (D:7)
  An adder skeleton (D:5)
  2 worms
  3 dart slugs (D:4)
  84 orcs
  6 endoplasms
  9 goblins
  4 hobgoblins
  3 jackals (D:2)
  10 quokkas
  7 ball pythons
  A bat (D:3)
  2 frilled lizards (D:1)
  4 goblin zombies (D:9)
  2 hobgoblin zombies (D:9)
  22 kobolds
  4 orc skeletons (D:9)
  9 orc zombies (D:9)
  8 rats
  3 fulminant prisms
664 creatures vanquished.

Vanquished Creatures (others)
  315 fulminant prisms
  52 fungi
  46 plants
  5 toadstools (D:10)
418 creatures vanquished.

Grand Total: 1082 creatures vanquished

Notes
Turn   | Place    | Note
-------+----------+-------------------------------------------
     0 | D:1      | porpoise the Deep Elf Conjurer began the quest for the Orb.
     0 | D:1      | Reached XP level 1. HP: 10/10 MP: 6/6
   321 | D:1      | Reached XP level 2. HP: 15/15 MP: 6/8
   342 | D:1      | Learned a level 2 spell: Searing Ray
   387 | D:1      | Found a faded altar of an unknown god.
   417 | D:1      | Reached skill level 5 in Conjurations
   959 | D:2      | Reached XP level 3. HP: 19/19 MP: 5/9
  1526 | D:2      | Found a stormy altar of Qazlal.
  1951 | D:2      | Reached XP level 4. HP: 24/24 MP: 4/11
  2038 | D:2      | Learned a level 4 spell: Fulminant Prism
  2385 | D:3      | Reached skill level 1 in Hexes
  2549 | D:3      | Reached skill level 4 in Spellcasting
  2657 | D:3      | Learned a level 4 spell: Iskenderun's Mystic Blast
  2700 | D:3      | Reached XP level 5. HP: 27/28 MP: 3/13
  3303 | D:3      | Found a broken altar of Ashenzari.
  3315 | D:3      | Found a basalt altar of Yredelemnul.
  3560 | D:4      | Noticed Eustachio
  3560 | D:4      | Found a staircase to the Ecumenical Temple.
  3991 | D:4      | Noticed an ogre
  4057 | D:4      | Killed an ogre
  4058 | D:4      | Reached skill level 5 in Spellcasting
  4058 | D:4      | Reached XP level 6. HP: 32/32 MP: 8/16
  4262 | D:4      | Noticed Edmund
  4264 | D:4      | Reached skill level 6 in Spellcasting
  4384 | D:4      | Reached XP level 7. HP: 36/36 MP: 9/18
  4389 | D:4      | Reached skill level 5 in Hexes
  4578 | D:4      | Killed Eustachio
  4579 | D:4      | Reached skill level 5 in Stealth
  4804 | D:4      | Reached skill level 7 in Spellcasting
  4812 | Temple   | Entered the Ecumenical Temple
  5154 | D:4      | Killed Edmund
  5155 | D:4      | Reached skill level 1 in Translocations
  5557 | D:5      | Entered Level 5 of the Dungeon
  5700 | D:5      | Reached XP level 8. HP: 41/41 MP: 15/20
  6322 | D:5      | Found a runed translucent door.
  6323 | D:5      | Noticed Crazy Yiuf
  6330 | D:5      | Killed Crazy Yiuf
  6432 | D:5      | Found a radiant altar of Vehumet.
  6440 | D:5      | Became a worshipper of Vehumet
  7379 | D:6      | Reached skill level 5 in Translocations
  7480 | D:6      | Reached skill level 1 in Fighting
  7574 | D:6      | You fall into a shaft and drop 2 floors!
  8112 | D:6      | Reached skill level 1 in Evocations
  8112 | D:6      | Reached XP level 9. HP: 48/48 MP: 14/22
  8452 | D:6      | Reached skill level 8 in Spellcasting
  8951 | D:7      | Noticed Joseph
  8965 | D:7      | Killed Joseph
  9772 | D:7      | Noticed Maggie
  9775 | D:7      | Reached * piety under Vehumet
  9775 | D:7      | Offered knowledge of Sandblast by Vehumet.
  9779 | D:7      | Reached skill level 9 in Spellcasting
  9781 | D:7      | Killed Maggie
 10708 | D:7      | Reached skill level 10 in Spellcasting
 11176 | D:8      | Noticed Prince Ribbit
 11185 | D:8      | Reached XP level 10. HP: 58/58 MP: 10/26
 11188 | D:8      | Killed Prince Ribbit
 11369 | D:8      | Reached skill level 5 in Fighting
 11750 | D:8      | Found Jedwat's Overcharged Wands.
 11978 | D:9      | Reached skill level 11 in Spellcasting
 12399 | D:9      | Noticed a two-headed ogre
 12407 | D:9      | Killed a two-headed ogre
 12408 | D:9      | Reached skill level 5 in Evocations
 12632 | D:9      | Offered knowledge of Foxfire by Vehumet.
 12633 | D:9      | Reached skill level 5 in Dodging
 12861 | D:9      | Noticed a manticore
 12861 | D:9      | Noticed a manticore
 12861 | D:9      | Noticed a necromancer
 12868 | D:9      | Killed a manticore
 12868 | D:9      | Killed a manticore
 12868 | D:9      | Killed a necromancer
 12869 | D:9      | Reached skill level 12 in Spellcasting
 13070 | D:9      | Reached ** piety under Vehumet
 13434 | D:9      | Found a staircase to the Orcish Mines.
 13445 | D:9      | Reached XP level 11. HP: 46/63 MP: 22/29
 13981 | D:9      | Offered knowledge of Conjure Flame by Vehumet.
 14598 | D:10     | Entered Level 10 of the Dungeon
 14784 | D:10     | Reached *** piety under Vehumet
 14888 | D:10     | Noticed Gastronok
 14940 | D:10     | Killed Gastronok
 15645 | D:10     | Offered knowledge of Olgreb's Toxic Radiance by Vehumet.
 15844 | D:10     | Noticed Harold
 15852 | D:10     | Killed Harold
 16125 | D:11     | Noticed Maurice
 16137 | D:11     | Killed Maurice
 16317 | D:11     | Noticed a two-headed ogre
 16321 | D:11     | Killed a two-headed ogre
 16530 | D:11     | Reached XP level 12. HP: 51/70 MP: 22/30
 16561 | D:11     | Noticed a centaur warrior
 16566 | D:11     | Killed a centaur warrior
 16790 | D:11     | Found a staircase to the Lair.
 17020 | D:11     | Found a portal to a secret trove of treasure.
 17197 | D:12     | Noticed Psyche
 17201 | D:12     | Killed Psyche
 17352 | D:12     | Noticed a two-headed ogre
 17448 | D:12     | Upgraded the game from 0.28-a0-1130-gc51a68064b to
                  | 0.28-a0-1143-gcf6077d4cc
 17689 | D:12     | Learned a level 4 spell: Olgreb's Toxic Radiance
 17715 | D:12     | Noticed Kirke
 17767 | D:12     | Noticed a four-headed hydra
 18002 | Lair:1   | Entered Level 1 of the Lair of Beasts
 18164 | D:11     | Reached skill level 1 in Poison Magic
 18165 | D:11     | Reached **** piety under Vehumet
 18167 | D:11     | Reached skill level 10 in Stealth
 20295 | Lair:2   | Reached skill level 5 in Poison Magic
 20302 | Lair:2   | Noticed an eight-headed hydra
 20305 | Lair:2   | Offered knowledge of Inner Flame by Vehumet.
 20308 | Lair:2   | Killed an eight-headed hydra
 20309 | Lair:2   | Reached skill level 13 in Spellcasting
 20521 | Lair:2   | Reached XP level 13. HP: 70/76 MP: 32/32
 23016 | Lair:2   | Found a staircase to the Swamp.
 23369 | Lair:3   | Reached ***** piety under Vehumet
 23370 | Lair:3   | Reached skill level 14 in Spellcasting
 23373 | Lair:3   | Offered knowledge of Eringya's Noxious Bog by Vehumet.
 23390 | Lair:3   | Reached skill level 1 in Shields
 24993 | Lair:4   | Identified the +2 cloak of the Present {rElec Str+2}
 25006 | Lair:4   | Identified the +7 rapier "Zuubbeu" {vorpal, rF+ Dex+5}
 25419 | Lair:4   | Reached skill level 10 in Hexes
 25568 | Lair:4   | Found a hole to the Spider Nest.
 27770 | D:12     | Identified the +7 dagger of Evil {vorpal, Contam rN+ Str+5
                  | SInv}
 28195 | D:12     | Noticed Rupert
 28205 | D:12     | Paralysed by Rupert for 3 turns
 28207 | D:12     | Killed Rupert
 28208 | D:12     | Reached skill level 10 in Dodging
 28208 | D:12     | Reached XP level 14. HP: 82/82 MP: 17/34
 28589 | D:12     | Killed Kirke
 29685 | D:13     | Noticed Josephine
 29694 | D:13     | Killed Josephine
 29888 | D:13     | Reached skill level 10 in Conjurations
 30692 | D:13     | Found a gate to the Vaults.
 31538 | D:13     | Noticed a fire giant
 31551 | D:13     | Killed a fire giant
 32143 | D:13     | Found Patu's Distillery.
 32150 | D:13     | Bought a potion of heal wounds for 85 gold pieces
 32150 | D:13     | Bought a potion of heal wounds for 85 gold pieces
 32150 | D:13     | Bought a potion of curing for 51 gold pieces
 32189 | D:13     | Identified the +1 ice dragon scales of Autotheism {*Slow
                  | rElec rF- rC++ Regen+ Int+3}
 32359 | D:13     | Learned a level 7 spell: Orb of Destruction
 32883 | D:14     | Reached skill level 1 in Armour
 33550 | D:15     | Entered Level 15 of the Dungeon
 33992 | D:15     | Reached XP level 15. HP: 86/86 MP: 35/35
 34003 | D:15     | Found a staircase to the Depths.
 35343 | Orc:1    | Entered Level 1 of the Orcish Mines
 35351 | Orc:1    | Offered knowledge of Starburst by Vehumet.
 35894 | Orc:2    | Entered Level 2 of the Orcish Mines
 36062 | Orc:2    | Found a staircase to the Elven Halls.
 36253 | Orc:2    | Found Egrestah's Armour Shoppe.
 37668 | Orc:1    | Reached skill level 15 in Spellcasting
 38066 | Orc:2    | Found Sakasat's Distillery.
 38072 | Orc:2    | Found Poix March's General Store.
 38457 | Orc:2    | Bought a potion of resistance for 140 gold pieces
 38459 | Orc:2    | Bought a wand of flame (10) for 78 gold pieces
 38459 | Orc:2    | Bought a scarf of resistance for 416 gold pieces
 38493 | Orc:2    | Reached skill level 5 in Armour
 38513 | Orc:2    | Mangled by an orc knight

Illustrated notes

Levels and vault maps discovered:
D:1:      sevenhm_arrival_forest_fort_small_5, layout_basic,
          ebering_ecumenical_altar_mist, minmay_tetromino_t4
D:2:      minmay_evil_eye, layout_basic, basic_altar,
          minmay_misc_feat_four_crosses
D:3:      layout_basic, mainiacjoe_overflow_big_doors
D:4:      layout_rooms, minmay_temple_entry_tees, uniq_edmund, uniq_eustachio
D:5:      layout_loops_ring, vehumet_crystals, uniq_crazy_yiuf_cottage
D:6:      layout_cave_pods, serial_park, serial_park_tiny_1, serial_park_tiny_1,
          serial_park_tiny_pond, serial_park_square1
          [serial_park_minivault_5x5_1]
D:7:      minmay_flawed_box, layout_basic, serial_bayou_pond_a, uniq_maggie,
          uniq_joseph
D:8:      layout_rooms, nicolae_shop_overcharged_wands, uniq_prince_ribbit1
D:9:      nzn_winding_woodlands_small [nzn_winding_woodlands_5x15_eye,
          nzn_winding_woodlands_center_lodge,
          nzn_winding_woodlands_5x15_sidewinder], layout_stronghold,
          zombieorc1_lemuel
D:10:     layout_roguey, enter_bailey_2, minmay_gold_behind_fungi,
          uniq_gastronok, uniq_harold
D:11:     layout_big_octagon, erik_lair_orcish_takeover,
          nicolae_trove_entry_crystal, uniq_maurice
D:12:     layout_roguey, special_room [special_room_orc], minmay_radiant,
          uniq_psyche, uniq_rupert, uniq_kirke
D:13:     layout_long_grid, david_vaults_5, serial_shops, nicolae_shop_stone,
          minmay_the_grid_2x2 [minmay_the_grid_zigzag_pyramid,
          minmay_the_grid_minigrid_small_alt, minmay_the_grid_mess,
          minmay_the_grid_prize_diamond_cup], uniq_josephine
D:14:     layout_roguey, serial_bayou_pond_d
D:15:     hangedman_depths_entry_civil_slaughter, layout_cave_pods, minivault_4
Temple:   mainiacjoe_temple_bowtie_tessellation
Lair:1:   layout_layer_cave, beast_lair_carwin_6, serial_bayou_shore_a,
          lemuel_fruit_fields
Lair:2:   layout_layer_cave, palyth_hydra_swamp_entry
Lair:3:   layout_regular_city, grunt_megastairs_3
Lair:4:   layout_gridlike, spider_nest_entry_a
Lair:5:   layout_roguey
Orc:1:    lemuel_ogre_cave, layout_caves
Orc:2:    pf_orc_diabolical, layout_caves, serial_shops, shop

Skill      XL: |  1  2  3  4  5  6  7  8  9 10 11 12 13 14 15 |
---------------+----------------------------------------------+-----
Conjurations   | 5 7 8 9 12 | 12.0
Hexes          | 2 4 6 7 9 12 | 12.0
Stealth        | 3 4 5 7 8 9 11 12 | 12.0
Spellcasting   | 4 5 6 7 10 12 13 14 15 | 15.5
Translocations | 2 5 7 |  7.0
Fighting       | 1 4 5 6 7 |  7.0
Evocations     | 1 4 5 7 9 |  9.0
Dodging        | 7 9 10 12 | 12.0
Poison Magic   | 5 7 8 9 |  9.0
Shields        | 4 |  4.0
Armour         | 3 5 |  5.0

Action                   |  1- 3 |  4- 6 |  7- 9 | 10-12 | 13-15 || total
-------------------------+-------+-------+-------+-------+-------++-------
Melee: Dagger            |       |       |     6 |       |       ||     6
 Fire: Shortbow          |       |       |    31 |    96 |    68 ||   195
       Hunting sling     |       |       |       |       |    70 ||    70
Throw: Stone             |       |     1 |     1 |       |       ||     2
       Dart              |       |       |     2 |     2 |     1 ||     5
 Cast: Magic Dart        |    50 |    27 |     7 |     7 |     2 ||    93
       Searing Ray       |     6 |    23 |    69 |   112 |   156 ||   366
       Fulminant Prism   |       |     3 |    25 |    92 |   199 ||   319
       Iskenderun's Myst |       |       |       |    31 |    78 ||   109
       Olgreb's Toxic Ra |       |       |       |     1 |    15 ||    16
       Orb of Destructio |       |       |       |       |     9 ||     9
Evoke: Wand              |       |       |     2 |     9 |    18 ||    29
  Use: Scroll            |       |     2 |    11 |     9 |     7 ||    29
       Potion            |       |     1 |     1 |     1 |     3 ||     6
Armor: Robe              |       |     6 |    34 |    11 |    14 ||    65
       Steam dragon scal |       |       |       |    43 |    28 ||    71
Dodge: Dodged            |     2 |    27 |    50 |   119 |   107 ||   305
Block: Buckler           |       |       |       |       |    13 ||    13

Table legend: (Time is in decaauts)
 A = Elapsed time spent in this place.
 B = Non-inter-level travel time spent in this place.
 C = Inter-level travel time spent in this place.
 D = Time resting spent in this place.
 E = Time spent auto-exploring this place.
 F = Levels seen in this place.
 G = Mean time per level.
                   A        B        C        D        E       F      G
               +--------+--------+--------+--------+--------+-----+--------+
         Total |  39665 |  38449 |   1216 |  19033 |  14561 |  23 | 1724.6 |
       Dungeon |  26496 |  25692 |    804 |  13324 |   9175 |  15 | 1766.4 |
        Temple |    257 |    226 |     31 |      0 |    217 |   1 |  257.0 |
          Lair |   9823 |   9508 |    315 |   4223 |   4123 |   5 | 1964.6 |
  Orcish Mines |   3087 |   3022 |     65 |   1485 |   1046 |   2 | 1543.5 |
               +--------+--------+--------+--------+--------+-----+--------+

Top non-repeatable levels by time:
  Lair:2: 3053 daAuts
     D:9: 2979 daAuts
    D:13: 2835 daAuts
  Lair:1: 2312 daAuts
    D:12: 2277 daAuts
    D:11: 2150 daAuts
     D:7: 2107 daAuts
     D:3: 2096 daAuts
   Orc:2: 1954 daAuts
    D:10: 1768 daAuts
     D:6: 1740 daAuts
  Lair:5: 1690 daAuts
    D:15: 1604 daAuts
     D:2: 1522 daAuts
     D:5: 1514 daAuts
